 Dungeon Crawl Stone Soup version 0.22.1-1-ga44c0e56f4 (webtiles) character file.

147 KrzeMO the Vexing (level 5, 31/40 HPs)
             Began as a Gnoll Arcane Marksman on Oct 4, 2018.
             Quit the game on level 2 of the Dungeon on Oct 19, 2018.
             The game lasted 00:34:26 (2098 turns).

KrzeMO the Vexing (Gnoll Arcane Marksman)           Turns: 2098, Time: 00:34:26

Health: 31/40      AC:  4    Str: 12    XL:     5   Next: 29%
Magic:  9/9        EV: 14    Int: 15    God:
Gold:   90         SH:  0    Dex: 17    Spells: 9/10 levels left

rFire    . . .     SeeInvis .   j - +0 hand axe
rCold    . . .     Gourm    .   (no shield)
rNeg     . . .     Faith    .   l - +0 leather armour
rPois    .         Spirit   .   (no helmet)
rElec    .         Reflect  .   g - +0 cloak
rCorr    .         Harm     .   (no gloves)
MR       .....                  (no boots)
Stlth    ++........             (no amulet)
HPRegen  0.13/turn              (no ring)
MPRegen  0.11/turn              (no ring)

@: no status effects
A: distributed training, fangs 1, strong nose
a: no special abilities


You were on level 2 of the Dungeon.
You were not hungry.

You visited 1 branch of the dungeon, and saw 2 of its levels.

You collected 90 gold pieces.

Inventory:

Hand Weapons
 a - a +0 hand crossbow
 j - a +0 hand axe (weapon)
 m - a +0 short sword
 p - a +0 hunting sling
 t - a cursed -2 dagger
Missiles
 b - 90 stones
 d - 10 bolts
 q - 19 poisoned needles (quivered)
Armour
 e - a +0 robe
 g - a +0 cloak (worn)
 l - a +0 leather armour (worn)
Wands
 u - a wand of random effects (16)
 v - a wand of polymorph (10)
Scrolls
 c - 2 scrolls of magic mapping {unknown}
 i - 2 scrolls of teleportation {unknown}
 n - a scroll of noise
 o - 4 scrolls of remove curse {unknown}
 r - a scroll of immolation {unknown}
Potions
 h - 2 potions of brilliance {unknown}
 k - a potion of lignification {unknown}
 s - a potion of heal wounds {unknown}
Comestibles
 f - 2 rations


   Skills:
 + Level 2.9 Fighting
 + Level 1.4 Short Blades
 + Level 1.4 Long Blades
 + Level 1.4 Axes
 + Level 1.4 Maces & Flails
 + Level 1.4 Polearms
 + Level 1.4 Staves
 + Level 1.4 Slings
 + Level 1.4 Bows
 + Level 4.7 Crossbows
 + Level 1.4 Throwing
 + Level 1.4 Armour
 + Level 4.7 Dodging
 + Level 1.4 Stealth
 + Level 1.4 Shields
 + Level 1.4 Unarmed Combat
 + Level 3.1 Spellcasting
 + Level 1.1 Conjurations
 + Level 5.5 Hexes
 + Level 1.1 Charms
 + Level 1.1 Summonings
 + Level 1.1 Necromancy
 + Level 1.1 Translocations
 + Level 1.1 Transmutations
 + Level 1.1 Fire Magic
 + Level 1.1 Ice Magic
 + Level 1.1 Air Magic
 + Level 1.1 Earth Magic
 + Level 1.1 Poison Magic
 + Level 1.5 Invocations
 + Level 1.4 Evocations


You had 9 spell levels left.
You knew the following spells:

 Your Spells              Type           Power        Failure   Level  Hunger
a - Corona                Hex            ###....      2%          1    #......

Your spell library contained the following spells:

 Spells                   Type           Power        Failure   Level  Hunger
 Slow                     Hex            ###.....     4%          2    ##.....
 Inner Flame              Hex/Fire       ##......     19%         3    ###....
 Portal Projectile        Hex/Tloc       ##....       19%         3    ###....
 Cause Fear               Hex            ###.......   26%         4    #####..
 Leda's Liquefaction      Hex/Erth       ##........   54%         4    #####..


Dungeon Overview and Level Annotations

Branches:
Dungeon (2/15)

Altars:


Innate Abilities, Weirdness & Mutations

Your experience applies equally to all skills.
You have very sharp teeth.
Your uncanny sense of smell can sniff out nearby items.


Message History

Natasha mewls in sadness.
Natasha completely misses you.
You hit Natasha.
Natasha is moderately wounded.
Natasha claws you. x2
You hit Natasha.
Natasha is severely wounded.
Natasha closely misses you.
Okay, then.
You hit Natasha.
You kill Natasha!
You feel Natasha's spirit has finally been put to rest.
v - a wand of polymorph (10)
You see here the felid corpse of Natasha.
There is a stone staircase leading down here.
You start putting on your armour.
You continue putting on your cloak. x4
You finish putting on your +0 cloak.
Welcome back, KrzeMO the Gnoll Arcane Marksman.
Press ? for a list of commands and other information.
Are you sure you want to abandon this character and quit the game? (Confirm

####+#..#'############
####+#'##'#...........
###............####.....
#.............†...#.####
#...............#.#.####
#.....)...........#.#...
###.............###.#...
#...............#.#...
#...>@........#.#.#...
#.............#.#.#...
#######........#.#.#.'...
#####.....#'####.#.#.#.###...
#............# #.#.#.#.# ###'
#............# #.#.#.#.# #.
#............# #.#.#.#.# #.
#............###.#.#.#.#####.
##'#..#..........#.#.#.......


There were no monsters in sight!

Vanquished Creatures
  Natasha (thrice) (D:2)
  2 adders (D:2)
  An ooze (D:1)
  2 dart slugs
  5 leopard geckos
  An orc (D:2)
  3 goblins
  5 hobgoblins
  4 jackals (D:1)
  2 ball pythons (D:1)
  5 bats
  A frilled lizard (D:1)
  5 kobolds (D:1)
  3 rats
42 creatures vanquished.

Notes
Turn   | Place    | Note
-------+----------+-------------------------------------------
     0 | D:1      | KrzeMO the Gnoll Arcane Marksman began the quest for the
                  | Orb.
     0 | D:1      | Reached XP level 1. HP: 17/17 MP: 4/4
   169 | D:1      | Reached XP level 2. HP: 22/23 MP: 5/5
   423 | D:1      | Reached XP level 3. HP: 28/28 MP: 7/7
   975 | D:2      | Reached skill level 1 in Invocations
  1122 | D:2      | Noticed Natasha
  1125 | D:2      | Killed Natasha
  1125 | D:2      | Reached skill level 1 in Short Blades
  1125 | D:2      | Reached skill level 1 in Long Blades
  1125 | D:2      | Reached skill level 1 in Axes
  1125 | D:2      | Reached skill level 1 in Maces & Flails
  1125 | D:2      | Reached skill level 1 in Polearms
  1125 | D:2      | Reached skill level 1 in Staves
  1125 | D:2      | Reached skill level 1 in Slings
  1125 | D:2      | Reached skill level 1 in Bows
  1125 | D:2      | Reached skill level 1 in Throwing
  1125 | D:2      | Reached skill level 1 in Armour
  1125 | D:2      | Reached skill level 1 in Stealth
  1125 | D:2      | Reached skill level 1 in Shields
  1125 | D:2      | Reached skill level 1 in Unarmed Combat
  1125 | D:2      | Reached skill level 1 in Evocations
  1125 | D:2      | Reached XP level 4. HP: 29/34 MP: 8/8
  1215 | D:2      | Noticed Natasha
  1405 | D:2      | Killed Natasha
  1405 | D:2      | Reached skill level 1 in Conjurations
  1405 | D:2      | Reached skill level 1 in Charms
  1405 | D:2      | Reached skill level 1 in Summonings
  1405 | D:2      | Reached skill level 1 in Necromancy
  1405 | D:2      | Reached skill level 1 in Translocations
  1405 | D:2      | Reached skill level 1 in Transmutations
  1405 | D:2      | Reached skill level 1 in Fire Magic
  1405 | D:2      | Reached skill level 1 in Ice Magic
  1405 | D:2      | Reached skill level 1 in Air Magic
  1405 | D:2      | Reached skill level 1 in Earth Magic
  1405 | D:2      | Reached skill level 1 in Poison Magic
  1844 | D:2      | Reached XP level 5. HP: 24/40 MP: 9/9
  2079 | D:2      | Noticed Natasha
  2083 | D:2      | Killed Natasha
  2098 | D:2      | Quit the game

Skill      XL: |  1  2  3  4 |
---------------+-------------+-----
Invocations    | 1 |  1.5
Short Blades   | 1 |  1.4
Long Blades    | 1 |  1.4
Axes           | 1 |  1.4
Maces & Flails | 1 |  1.4
Polearms       | 1 |  1.4
Staves         | 1 |  1.4
Slings         | 1 |  1.4
Bows           | 1 |  1.4
Throwing       | 1 |  1.4
Armour         | 1 |  1.4
Stealth        | 1 |  1.4
Shields        | 1 |  1.4
Unarmed Combat | 1 |  1.4
Evocations     | 1 |  1.4
Spellcasting   | 3 |  3.1
Conjurations   | 1 |  1.1
Charms         | 1 |  1.1
Summonings     | 1 |  1.1
Necromancy     | 1 |  1.1
Translocations | 1 |  1.1
Transmutations | 1 |  1.1
Fire Magic     | 1 |  1.1
Ice Magic      | 1 |  1.1
Air Magic      | 1 |  1.1
Earth Magic    | 1 |  1.1
Poison Magic   | 1 |  1.1
Fighting       | |  2.9
Crossbows      | |  4.7
Dodging        | |  4.7
Hexes          | |  5.5

Action                   |  1- 3 |  4- 6 || total
-------------------------+-------+-------++-------
Melee: Hand axe          |       |    39 ||    39
       Bite              |       |     3 ||     3
 Fire: Hand crossbow     |    73 |    18 ||    91
Throw: Stone             |       |     3 ||     3
 Cast: Corona            |     1 |       ||     1
  Use: Scroll            |     1 |       ||     1
  Eat: Ration            |       |     1 ||     1
Armor: Robe              |     9 |       ||     9
       Skin              |       |    12 ||    12
       Leather armour    |       |     7 ||     7
Dodge: Dodged            |    36 |    40 ||    76
